 Dungeon Crawl Stone Soup version 0.29.1-15-g9cfb28693d (webtiles) character file.

Game seed: 8529142528071495372

7036 devnull the Impaler (level 11, -1/83 HPs)
             Began as a Merfolk Gladiator on Mar 7, 2023.
             Was a Believer of Zin.
             Slain by an orc warlord
             ... wielding a +6 broad axe
              (29 damage)
             ... in a bailey on Mar 8, 2023.
             The game lasted 00:38:05 (12283 turns).

devnull the Impaler (Merfolk Gladiator)            Turns: 12283, Time: 00:38:05

Health: -1/83      AC: 11    Str: 19    XL:     11   Next: 9%
Magic:  10/11      EV: 15    Int:  9    God:    Zin [**....]
Gold:   429        SH:  9    Dex: 17    Spells: 8/10 levels left

rFire   . . .      SeeInvis .   a - +6 trident (vorpal)
rCold   . . .      Faith    .   t - +0 kite shield
rNeg    . . .      Spirit   .   H - +0 troll leather armour
rPois   ∞          Reflect  .   c - +0 helmet
rElec   .          Harm     .   w - +0 cloak
rCorr   .          Rampage  .   (no gloves)
Will    .....                   y - +0 pair of boots
Stlth   +.........              B - amulet of the acrobat
HPRegen 1.03/turn               E - +4 ring of protection
MPRegen 0.12/turn               (no ring)

@: mighty, vitalised
A: (nimble swimmer 2), mertail
a: Renounce Religion, Recite, Vitalisation, Donate Gold


You were in a bailey.
You worshipped Zin.
Zin was pleased with you.
You visited 2 branches of the dungeon, and saw 10 of its levels.
You also visited: Bailey.

You collected 476 gold pieces.
You donated 47 gold pieces to Zin.

Inventory:

Hand Weapons
 a - a +6 vorpal trident (weapon)
 b - a +1 scythe of freezing
 A - the +6 dire flail of Iconoclasm {freeze, *Corrode Dex+3 SInv}
   (You found it on level 6 of the Dungeon)

   It freezes those it strikes, dealing additional cold damage.
   It can also slow down cold-blooded creatures.
   Dex:       It affects your dexterity (+3).
   SInv:      It lets you see invisible.
   *Corrode:  It may corrode you when you take damage.
Missiles
 e - 6 javelins
 h - 24 boomerangs
 j - a curare-tipped dart
 p - 27 poisoned darts (quivered)
Armour
 c - a +0 helmet (worn)
 i - a +0 buckler
 t - a +0 kite shield (worn)
 w - a +0 cloak (worn)
 y - a +0 pair of boots (worn)
 H - a +0 troll leather armour (worn)
Jewellery
 B - an amulet of the acrobat (around neck)
 E - a +4 ring of protection (left hand)
Wands
 s - a wand of iceblast (10)
 v - a wand of flame (12)
Scrolls
 f - 5 scrolls of blinking
 l - 2 scrolls of brand weapon
 m - 2 scrolls of teleportation
 q - 2 scrolls of vulnerability
 z - a scroll of summoning
 D - 2 scrolls of fog
Potions
 d - a potion of heal wounds
 g - 6 potions of curing
 k - 3 potions of cancellation
 n - 3 potions of haste
 o - 3 potions of invisibility {unknown}
 r - 2 potions of mutation {unknown}
 x - 3 potions of brilliance {unknown}
 C - a potion of resistance {unknown}
 F - a potion of attraction {unknown}


   Skills:
 - Level 6.9 Fighting
 - Level 16.0 Polearms
 - Level 2.0 Throwing
 - Level 10.0 Dodging
 + Level 2.6 Shields
 - Level 8.0 Transmutations


You had 8 spell levels left.
You knew the following spells:

 Your Spells              Type           Power      Damage    Failure   Level
a - Wereblood             Tmut           14%        N/A       9%          2

Your spell library contained the following spells:

 Spells                   Type           Power      Damage    Failure   Level
 Beastly Appendage        Tmut           28%        N/A       6%          1
 Sting                    Tmut/Pois      28%        1d4       30%         1
 Passwall                 Tmut/Erth      5%         N/A       41%         2
 Spider Form              Tmut/Pois      7%         N/A       65%         3
 Magic Dart               Conj           0%         1d3       83%         1
 Sandblast                Erth           0%         2d4       83%         1
 Summon Small Mammal      Summ           0%         N/A       83%         1
 Ignite Poison            Fire/Tmut/Pois 4%         N/A       85%         3
 Poisonous Vapours        Pois/Air       0%         N/A       93%         2
 Searing Ray              Conj           0%         2d4       93%         2
 Sublimation of Blood     Necr           0%         N/A       93%         2
 Call Canine Familiar     Summ           0%         N/A       99%         3
 Mephitic Cloud           Conj/Pois/Air  0%         N/A       99%         3
 Stone Arrow              Conj/Erth      0%         3d7       99%         3
 Summon Guardian Golem    Hex/Summ       0%         N/A       99%         3
 Corpse Rot               Necr/Pois/Air  0%         N/A       100%        4
 Fulminant Prism          Conj/Hex       0%         3d6       100%        4
 Olgreb's Toxic Radiance  Pois           0%         N/A       100%        4
 Freezing Cloud           Conj/Ice/Air   0%         6-21      100%        5
 Orb of Destruction       Conj           0%         9d5       100%        7
 Spellforged Servitor     Conj/Summ      0%         N/A       100%        7
 Summon Hydra             Summ           0%         N/A       100%        7


Dungeon Overview and Level Annotations

Branches:
Dungeon (9/15)             Temple (1/1) D:5          Bailey (1/1)
   Lair: D:8-11         Orc: D:9-12

Altars:
Ashenzari
Cheibriados
Dithmenos
Elyvilon
Fedhas
Gozag
Hepliaklqana
Kikubaaqudgha
Makhleb
Nemelex Xobeh
Okawaru
Qazlal
Ru
Sif Muna
Trog
Uskayaw
Vehumet
Wu Jian
Xom
Yredelemnul
Zin
The Shining One
Lugonu

Shops:
D:3 :


Innate Abilities, Weirdness & Mutations

((You are very nimble when in or above water. (Stealth+, EV+, Speed+++)))
Your lower body shifts to a powerful aquatic tail in water.


Message History

The orc warlord barely misses you.
You puncture the orc warlord!
The orc warlord is heavily wounded.
You closely miss the orc warlord.
The orc warlord is heavily wounded.
The orc warlord hits you with a +6 broad axe!
You hit the orc warlord but do no damage.
The orc warlord is heavily wounded.
The orc warlord hits you with a +6 broad axe.
You hit the orc warlord but do no damage.
The orc warlord is heavily wounded.
The orc warlord hits you with a +6 broad axe!
You puncture the orc warlord!
The orc warlord is heavily wounded.
You hit the orc warlord but do no damage.
The orc warlord is heavily wounded.
The orc warlord hits you but does no damage.
You hit the orc warlord but do no damage.
The orc warlord is heavily wounded.
The orc warlord hits you with a +6 broad axe!!!
Ouch! That really hurt!
* * * LOW HITPOINT WARNING * * *
You are too injured to fight recklessly!
You are too injured to fight recklessly!
You are too injured to fight recklessly!
Okay, then.
Unknown command.
You feel much better. You block the orc warlord's attack.
You feel very mighty all of a sudden.
The orc warlord hits you with a +6 broad axe!!
You puncture the orc warlord!
The orc warlord is heavily wounded.
The orc warlord hits you with a +6 broad axe!!
Zin protects you from harm!
You puncture the orc warlord!
The orc warlord is severely wounded.
You puncture the orc warlord!
The orc warlord is almost dead.
The orc warlord hits you with a +6 broad axe!!
You die...

♣∩...~~~.# ....∩... #.~~~...∩
♣♣...~~~)#~.........~#†~~~...♣
♣...~)~.#~~.8...8.~~#)~~~...♣
♣♣..###'###.......###)###..♣♣
♣.##....#~.8...8.~#.†..##.♣
♣##.....#~~~~~~~~~#.....##♣
##......####~~g####......##
#...8......#o''#......8...#
#..........@..............#
#.......).................#
##..8..8...........8..8..##
##.......#######.......##
##.....## ##.....## ##...##
##...## ##### #####


You could see an orc warlord and a gnoll.

Vanquished Creatures
  A troll (D:9)
  A hornet (D:8)
  Prince Ribbit (D:7)
  Sigmund (D:4)
  10 yaks
  A steam dragon (D:8)
  A wyvern (D:7)
  A water moccasin (D:5)
  Menkaure (D:5)
  3 black bears
  A sky beast (D:4)
  4 ice beasts
  6 orc warriors
  2 ogres
  2 centaurs (D:9)
  4 lemures (D:6)
  A phantom (D:7)
  3 kobold brigands
  4 bullfrogs (D:7)
  Blork the orc (D:4)
  2 scorpions (D:6)
  A necrophage (D:5)
  A gnoll sergeant (D:8)
  5 wights (D:9)
  4 killer bees (D:8)
  A howler monkey (D:6)
  2 jellies
  Crazy Yiuf (D:3)
  A gnoll bouda (D:5)
  An orc priest (D:5)
  A hound (D:5)
  4 iguanas
  Natasha (thrice) (D:3)
  4 orc wizards
  21 gnolls
  14 adders
  3 white imps
  An ufetubus (D:6)
  2 dart slugs (D:4)
  29 orcs
  4 ball pythons
  10 endoplasms
  4 giant cockroaches
  12 goblins
  6 hobgoblins
  4 jackals (D:1)
  2 quokkas
  4 bats
  4 frilled lizards
  28 kobolds
  5 rats
  3 bushes (D:2)
236 creatures vanquished.

Vanquished Creatures (collateral kills)
  Pikel (D:6)
  A scorpion (D:6)
2 creatures vanquished.

Vanquished Creatures (others)
  4 plants (D:2)
4 creatures vanquished.

Grand Total: 242 creatures vanquished

Notes
Turn   | Place    | Note
-------+----------+-------------------------------------------
     0 | D:1      | devnull the Merfolk Gladiator began the quest for the Orb.
     0 | D:1      | Reached XP level 1. HP: 16/16 MP: 1/1
    51 | D:1      | Reached XP level 2. HP: 21/22 MP: 2/2
   129 | D:1      | Reached skill level 5 in Polearms
   385 | D:1      | Reached XP level 3. HP: 27/27 MP: 3/3
   590 | D:1      | Found a faded altar of an unknown god.
   781 | D:2      | Reached skill level 6 in Polearms
  1224 | D:2      | Found a stormy altar of Qazlal.
  1257 | D:2      | Reached XP level 4. HP: 30/33 MP: 4/4
  2325 | D:3      | Noticed Natasha
  2337 | D:3      | Killed Natasha
  2338 | D:3      | Reached skill level 7 in Polearms
  2458 | D:3      | Reached XP level 5. HP: 31/38 MP: 5/5
  2610 | D:3      | Noticed a +0 short sword
  2611 | D:3      | Noticed a +0 spear
  2611 | D:3      | Noticed a +0 dagger
  2613 | D:3      | Noticed a +0 short sword
  2614 | D:3      | Noticed a +0 dagger
  2614 | D:3      | Noticed Natasha
  2614 | D:3      | Noticed a +0 spear
  2614 | D:3      | Noticed a +0 falchion
  2743 | D:3      | Found an opulent altar of Gozag.
  2756 | D:3      | Found a snail-covered altar of Cheibriados.
  2777 | D:3      | Killed Natasha
  2778 | D:3      | Reached skill level 8 in Polearms
  2943 | D:3      | Noticed a +0 falchion
  3194 | D:3      | Found a runed translucent door.
  3195 | D:3      | Noticed Crazy Yiuf
  3224 | D:3      | Found a hide-covered altar of Uskayaw.
  3267 | D:3      | Found Zahudi's Book Emporium.
  3728 | D:3      | Killed Crazy Yiuf
  3729 | D:3      | Reached XP level 6. HP: 29/44 MP: 6/6
  3973 | D:4      | Noticed Sigmund
  3973 | D:4      | Noticed a black bear
  4141 | D:4      | Reached skill level 9 in Polearms
  4571 | D:3      | Noticed Natasha
  4577 | D:3      | Killed Natasha
  4856 | D:4      | Found a burning altar of Makhleb.
  5011 | D:4      | Killed Sigmund
  5012 | D:4      | Reached skill level 10 in Polearms
  5012 | D:4      | Reached XP level 7. HP: 50/50 MP: 7/7
  5225 | D:4      | Found a shimmering blue altar of Sif Muna.
  5236 | D:4      | Noticed Blork the orc
  5246 | D:4      | Killed Blork the orc
  5311 | D:4      | Found an iron altar of Okawaru.
  5328 | D:4      | Reached skill level 11 in Polearms
  5721 | D:5      | Entered Level 5 of the Dungeon
  5782 | D:5      | Reached skill level 12 in Polearms
  5782 | D:5      | Reached XP level 8. HP: 9/56 MP: 8/8
  6219 | D:5      | Learned a level 2 spell: Wereblood
  6349 | D:5      | Reached skill level 1 in Transmutations
  6498 | D:5      | Found a staircase to the Ecumenical Temple.
  7009 | D:5      | Reached skill level 5 in Transmutations
  7156 | Temple   | Entered the Ecumenical Temple
  7466 | D:5      | Noticed Menkaure
  7478 | D:5      | Killed Menkaure
  7843 | D:6      | Reached XP level 9. HP: 48/61 MP: 9/9
  7954 | D:6      | Reached skill level 13 in Polearms
  7963 | D:6      | Found a bloodstained altar of Trog.
  8086 | D:6      | Identified the +6 dire flail of Iconoclasm {freeze,
                  | *Corrode Dex+3 SInv}
  8242 | D:6      | Found a radiant altar of Vehumet.
  8386 | D:6      | Noticed Pikel
  8855 | D:6      | Killed Pikel
  8856 | D:6      | Reached skill level 14 in Polearms
  8862 | D:6      | Reached skill level 15 in Polearms
  9474 | D:7      | Reached skill level 16 in Polearms
  9479 | D:7      | Reached XP level 10. HP: 67/67 MP: 8/10
  9592 | D:7      | Reached skill level 5 in Dodging
 10011 | D:7      | Noticed Prince Ribbit
 10024 | D:7      | Killed Prince Ribbit
 10761 | D:8      | Paralysed by a hornet for 3 turns
 10981 | D:8      | Reached skill level 10 in Dodging
 11660 | D:9      | Reached skill level 5 in Fighting
 11677 | D:9      | Found a glowing golden altar of the Shining One.
 11679 | D:9      | Found a glowing silver altar of Zin.
 11680 | D:9      | Found a white marble altar of Elyvilon.
 11685 | D:9      | Became a worshipper of Zin the Law-Giver
 11685 | D:9      | Reached * piety under Zin
 11685 | D:9      | Reached ** piety under Zin
 11713 | D:9      | Found a shadowy altar of Dithmenos.
 11714 | D:9      | Found a hazy altar of Hepliaklqana.
 11816 | D:9      | Found a flagged portal.
 11840 | D:9      | Reached XP level 11. HP: 67/83 MP: 11/11
 11908 | Bailey   | Entered a bailey
 11984 | Bailey   | Noticed an orc warlord
 12039 | Bailey   | Reached skill level 1 in Shields
 12087 | Bailey   | Found a runed translucent gate.
 12088 | Bailey   | Found a runed translucent gate.
 12089 | Bailey   | Found a runed translucent gate.
 12281 | Bailey   | Zin protects you from harm!
 12283 | Bailey   | Slain by an orc warlord

Illustrated notes

Levels and vault maps discovered:
D:1:      eino_arrival_tree_alley, layout_rooms, serial_glass, glass_columns_a,
          glass_columns_a, glass_columns_a, glass_columns_a, glass_columns_a,
          glass_columns_a, glass_columns_a, glass_columns_a,
          ebering_ecumenical_altar_webs
D:2:      layout_loops_ring, serial_forest, infiniplex_forest_clump_tiny,
          infiniplex_forest_clump_diagonal, infiniplex_forest_straight_4,
          infiniplex_forest_end_2, infiniplex_forest_clump_long,
          infiniplex_forest_straight_2, infiniplex_forest_clump_diagonal,
          infiniplex_forest_clump_long, basic_altar
D:3:      layout_basic, cheibriados_altar_2, nicolae_gozag_seed_capital,
          nicolae_uskayaw_en_pointe, serial_shops, nicolae_lakefront_shop,
          uniq_natasha, uniq_crazy_yiuf_cottage
D:4:      layout_basic, okawaru_gym_becter, mainiacjoe_overflow_six_doors_small,
          general_overflow_altar, hex_large, uniq_blork_the_orc, uniq_sigmund
D:5:      layout_gridville, minmay_temple_entry_proselytizer, uniq_menkaure
D:6:      layout_loops_cross, trog_butcher_becter, nicolae_vehumet_radiance,
          dk_noncrumbling_4, uniq_pikel
D:7:      layout_cave_pools, eino_tiny_chamber, uniq_prince_ribbit1
D:8:      layout_gridville, kennysheep_minor_cross
D:9:      layout_loops_cross, riverfiend_overflow_shadow_ancestor,
          good_gods_temple_1, lair_entry_dummy, enter_bailey_3,
          nrook_mini_backslash
Temple:   corrupted_temple
Bailey:   bailey_axe_bossmonster_kennysheep, bailey

Skill      XL: |  1  2  3  4  5  6  7  8  9 10 11 |
---------------+----------------------------------+-----
Polearms       | 5 6 7 8 10 12 16 | 16.0
Transmutations | 7 8 |  8.0
Dodging        | 10 | 10.0
Fighting       | 6 |  6.9
Shields        | 2 |  2.6
Throwing       | |  2.0

Action                   |  1- 3 |  4- 6 |  7- 9 | 10-12 || total
-------------------------+-------+-------+-------+-------++-------
Melee: Trident           |   116 |   384 |   150 |    55 ||   705
       Halberd           |       |       |   210 |   202 ||   412
Throw: Dart              |       |     6 |     8 |     8 ||    22
       Throwing net      |       |     3 |     4 |       ||     7
       Javelin           |       |     1 |       |       ||     1
       Boomerang         |       |       |     3 |       ||     3
 Cast: Wereblood         |       |       |    10 |     8 ||    18
Invok: Recite            |       |       |       |     1 ||     1
       Vitalisation      |       |       |       |     1 ||     1
Evoke: Wand              |       |     3 |       |       ||     3
  Use: Scroll            |       |     6 |     7 |     8 ||    21
       Potion            |       |       |     1 |     7 ||     8
 Stab: Sleeping          |     1 |     4 |       |       ||     5
       Held in net/web   |       |       |     1 |       ||     1
       Distracted        |       |       |     1 |     1 ||     2
Armor: Leather armour    |    25 |    27 |    80 |    33 ||   165
       Skin              |       |       |       |     5 ||     5
       Troll leather arm |       |       |       |     7 ||     7
Dodge: Dodged            |    58 |    65 |   129 |   128 ||   380
Block: Buckler           |     6 |    22 |    12 |       ||    40
       Kite shield       |       |       |       |     6 ||     6
